 Dungeon Crawl Stone Soup version 0.17-a0-1793-gcbb3aa1 (webtiles) character file.

134 darktrop the Ducker (level 4, -5/44 HPs)
             Began as a Troll Berserker on Sept 10, 2015.
             Was a Priest of Trog.
             Slain by a scorpion (7 damage)
             ... on level 4 of the Dungeon.
             The game lasted 00:17:22 (2754 turns).

darktrop the Ducker (Troll Berserker)               Turns: 2754, Time: 00:17:22

Health: -5/44      AC:  8    Str: 26    XL:     4   Next: 95%
Magic:  3/3        EV: 10    Int:  7    God:    Trog [***...]
Gold:   164        SH:  0    Dex:  9    Spells: 0 memorised, 3 levels left

rFire  . . .     SeeInvis .     a - +0 short sword
rCold  . . .     Clarity  .     b - +0 animal skin
rNeg   . . .     SustAt   .     (no shield)
rPois  .         Gourm    +     (helmet restricted)
rElec  .         Spirit   .     h - +1 cloak
rCorr  .         Warding  .     (gloves unavailable)
rMut   .         Stasis   .     (boots unavailable)
MR     .....                    (no amulet)
Stlth  +.........               q - +1 ring of protection
                                p - +4 ring of intelligence

@: lethally poisoned (-5 -> -5), not resistant to hostile enchantments, very
unstealthy
A: unfitting armour, claws 3, fast metabolism 3, gourmand, regeneration 2,
shaggy fur 1, tough skin 2
a: Burn Spellbooks, Berserk, Trog's Hand, Renounce Religion


You were on level 4 of the Dungeon.
You worshipped Trog.
Trog was most pleased with you.
You were full.

You visited 1 branch of the dungeon, and saw 4 of its levels.

You collected 164 gold pieces.

Inventory:

Hand weapons
 a - a +0 short sword (weapon)
 j - a +0 spear
 o - a +0 vampiric falchion
Missiles
 e - 66 stones (quivered)
Armour
 b - a +0 animal skin (worn)
 h - a +1 cloak (worn)
Jewellery
 p - a +4 ring of intelligence (left claw)
 q - a +1 ring of protection (right claw)
Scrolls
 f - 5 scrolls of teleportation
 m - 2 scrolls of blinking
Potions
 d - a potion of curing
 k - 2 potions of magic
Comestibles
 c - 3 bread rations
 i - a beef jerky
 n - a meat ration


   Skills:
 + Level 2.7 Fighting
 + Level 3.0 Short Blades
 + Level 3.9 Dodging
 + Level 0.4 Stealth


You had 3 spell levels left.
You didn't know any spells.

Dungeon Overview and Level Annotations

Branches:
Dungeon (4/15)
 Temple: D:4-7

Altars:
Cheibriados
Gozag
Nemelex Xobeh
Okawaru
Ru
Sif Muna
Trog


Innate Abilities, Weirdness & Mutations

You are too large for most types of armour.
You have claws for hands.
Your metabolism is lightning-fast.
You like to eat raw meat.
You heal very quickly.
You are covered in fur (AC +1).
You have very tough skin (AC +2).


Message History

You hit the scorpion but do no damage.
The scorpion is almost dead.
The scorpion misses you.
The phantom blinks!
You hit the scorpion but do no damage.
The scorpion is almost dead.
You feel sick.
The scorpion stings you but does no damage.
You closely miss the scorpion.
The scorpion is almost dead.
You feel sick. The scorpion closely misses you.
You hit the scorpion but do no damage.
The scorpion is almost dead.
The scorpion stings you but does no damage.
You hit the scorpion but do no damage.
The scorpion is almost dead.
You feel sick. The scorpion completely misses you.
You barely miss the scorpion.
The scorpion is almost dead.
You feel sick.
The phantom blinks!
The scorpion stings you!
You die...

#.#......##.# #.##
#.#########.###.###.#
#.# #.........# #.#
#####.##### #..
####.###.# #..
+........# #..
####.W##.# ##s## #@.#
#..# ##... ยง....
.!...# ..(..# ..>>.#
.....#


You could see a phantom and a scorpion.

Vanquished Creatures
  5 adders
  2 oozes
  2 worms (D:2)
  2 giant geckos
  5 orcs (D:3)
  A ball python (D:2)
  9 bats
  8 giant cockroaches
  3 goblins
  9 hobgoblins
  A quokka (D:2)
  2 giant newts (D:2)
  3 jackals (D:2)
  8 kobolds
  3 rats (D:2)
63 creatures vanquished.

Notes
Turn   | Place    | Note
--------------------------------------------------------------
     0 | D:1      | darktrop the Troll Berserker began the quest for the Orb.
     0 | D:1      | Reached XP level 1. HP: 22/22 MP: 0/0
   137 | D:1      | Reached XP level 2. HP: 25/29 MP: 1/1
   527 | D:1      | Reached skill level 3 in Dodging
   785 | D:2      | Acquired Trog's second power
   785 | D:2      | Reached XP level 3. HP: 36/36 MP: 2/2
  1114 | D:2      | Reached XP level 4. HP: 36/44 MP: 3/3
  1932 | D:3      | Found a deep blue altar of Sif Muna.
  1947 | D:3      | Found an opulent altar of Gozag.
  2083 | D:3      | Found a sparkling altar of Nemelex Xobeh.
  2166 | D:3      | Found a sparkling altar of Nemelex Xobeh.
  2322 | D:3      | Found a bloodstained altar of Trog.
  2322 | D:3      | Found a sacrificial altar of Ru.
  2323 | D:3      | Found a snail-covered altar of Cheibriados.
  2690 | D:4      | Noticed a phantom
  2706 | D:4      | Found an iron altar of Okawaru.
  2754 | D:4      | HP: 2/44 [poisoned by a scorpion]
  2754 | D:4      | Slain by a scorpion

Vault maps used:
D:1:      dpeg_arrival_simpleton_b
D:2:      serial_forest, infiniplex_forest_zigzag_1,
          infiniplex_forest_clump_medium, infiniplex_forest_lined_2,
          infiniplex_forest_lined_corner, infiniplex_forest_lined_4_way,
          infiniplex_forest_fountain, infiniplex_forest_zigzag_1,
          infiniplex_forest_lined_3, st_stairs_6, kennysheep_pointless_box
D:3:      nemelex_altar_shiori, overflow_temple_1_default, lemuel_crystal_altar,
          gammafunk_temple_overflow_claw, nemelex_lonely_heart_becter
D:4:      nicolae_overflow_crystal_walls, first_bread, portal_sewer_entry_f

Action                   |  1- 3 |  4- 6 || total
-------------------------+-------+-------++-------
Melee: Short sword       |   172 |   198 ||   370
  Use: Scroll            |     3 |     3 ||     6
       Potion            |     3 |     2 ||     5
  Eat: Chunk             |     8 |    12 ||    20
       Bread ration      |     1 |       ||     1
       Meat ration       |       |     1 ||     1
